 Dungeon Crawl Stone Soup version 0.21.1-1-g345015f (webtiles) character file.

14 tidbits the Insei (level 2, -2/23 HPs)
             Began as a Gnoll Transmuter on Feb 10, 2018.
             Slain by a worm (9 damage)
             ... on level 2 of the Dungeon.
             The game lasted 00:01:33 (179 turns).

tidbits the Insei (Gnoll Transmuter)                 Turns: 179, Time: 00:01:33

Health: -2/23      AC:  2    Str: 12    XL:     2   Next: 41%
Magic:  4/7        EV: 14    Int: 15    God:
Gold:   91         SH:  0    Dex: 15    Spells: 7/10 levels left

rFire    . . .     SeeInvis .     - Unarmed
rCold    . . .     Gourm    .   (no shield)
rNeg     . . .     Faith    .   b - +0 robe
rPois    .         Spirit   .   (no helmet)
rElec    .         Reflect  .   (no cloak)
rCorr    .         Harm     .   (no gloves)
MR       .....                  (no boots)
Stlth    ++........             (no amulet)
HPRegen  0.07/turn              (no ring)
MPRegen  0.10/turn              (no ring)

@: appendage
A: distributed training, fangs 1, horns 2, strong nose
a: End Transformation


You were on level 2 of the Dungeon.
You were not hungry.
You had grown temporary horns.
You visited 1 branch of the dungeon, and saw 2 of its levels.

You collected 91 gold pieces.

Inventory:

Missiles
 a - 10 arrows
Armour
 b - a +0 robe (worn)
Scrolls
 e - a scroll of identify {unknown}
 f - a scroll of amnesia {unknown}
 g - a scroll of magic mapping {unknown}
Potions
 h - a potion of flight {unknown}
 i - 2 potions of curing {unknown}
Books
 c - a book of Changes

   Spells                             Type                      Level
   a - Beastly Appendage              Transmutation                1
   b - Sticks to Snakes               Transmutation                2
   c - Spider Form                    Transmutation/Poison         3
   d - Ice Form                       Ice/Transmutation            4
   e - Blade Hands                    Transmutation                5
Comestibles
 d - 2 rations


   Skills:
 + Level 2.5 Fighting
 + Level 0.4 Short Blades
 + Level 0.4 Long Blades
 + Level 0.4 Axes
 + Level 0.4 Maces & Flails
 + Level 0.4 Polearms
 + Level 0.4 Staves
 + Level 0.4 Slings
 + Level 0.4 Bows
 + Level 0.4 Crossbows
 + Level 0.4 Throwing
 + Level 0.4 Armour
 + Level 4.5 Dodging
 + Level 0.4 Stealth
 + Level 0.4 Shields
 + Level 6.5 Unarmed Combat
 + Level 4.9 Spellcasting
 + Level 0.2 Conjurations
 + Level 0.2 Hexes
 + Level 0.2 Charms
 + Level 0.2 Summonings
 + Level 0.2 Necromancy
 + Level 0.2 Translocations
 + Level 3.7 Transmutations
 + Level 0.2 Fire Magic
 + Level 0.2 Ice Magic
 + Level 0.2 Air Magic
 + Level 0.2 Earth Magic
 + Level 0.2 Poison Magic
 + Level 0.5 Invocations
 + Level 0.4 Evocations


You had 7 spell levels left.
You knew the following spells:

 Your Spells              Type           Power        Failure   Level  Hunger
e - Beastly Appendage     Tmut           ##....       3%          1    None
k - Sticks to Snakes      Tmut           ##......     5%          2    ##.....


Dungeon Overview and Level Annotations

Branches:
Dungeon (2/15)

Altars:


Innate Abilities, Weirdness & Mutations

Your experience applies equally to all skills.
You have very sharp teeth.
Your uncanny sense of smell can sniff out nearby items.
You have a pair of horns on your head.


Message History

The jackal barks!
Unknown command.
Casting: Beastly Appendage
Confirm with . or Enter, or press ? or * to list all spells.
Your feet morph into talons.
The jackal barely misses you.
You punch the jackal!
You kill the jackal!
You have reached level 2!
Memorise Sticks to Snakes, consuming 2 spell levels and leaving 7?
You start memorising the spell.
You continue memorising. x2
You finish memorising.
Spell assigned to 'k'.
You see here a jackal corpse.
Unknown command.
Casting: Beastly Appendage
Confirm with . or Enter, or press ? or * to list all spells.
You create a snake!
You now have 11 arrows.
The jackal barks!
You hit the jackal.
The jackal is heavily wounded.
The jackal bites you but does no damage.
You hit the jackal.
You kill the jackal!
A jackal comes into view.
You see here a jackal corpse.
Your transformation is almost over.
The jackal barks!
You hear an angry hiss.
You see here a grey potion.
h - a grey potion You barely miss the jackal.
Your kick misses the jackal.
Your ball python bites the jackal but does no damage.
Your ball python grabs the jackal.
Your ball python constricts the jackal.
The jackal bites you.
* * * LOW HITPOINT WARNING * * *
You punch the jackal!
You kill the jackal!
A leopard gecko comes into view.
Firing (i - inventory): No suitable missiles.
Press: ? - help, Shift-Dir - straight line, f - leopard gecko
Aim: a leopard gecko (clinging)
Okay, then.
Unknown command.
Casting: Sticks to Snakes
Confirm with . or Enter, or press ? or * to list all spells.
You extend your transformation's duration.
You closely miss the leopard gecko. You claw the leopard gecko.
The leopard gecko is severely wounded.
Your ball python misses the leopard gecko.
Your ball python closely misses the leopard gecko.
The leopard gecko barely misses you.
You miss the leopard gecko.
You claw the leopard gecko, but do no damage.
The leopard gecko is severely wounded.
Your ball python closely misses the leopard gecko.
Your ball python grabs the leopard gecko.
Your ball python constricts the leopard gecko.
The leopard gecko misses your ball python.
You hit the leopard gecko.
You kill the leopard gecko!
Found 6 gold pieces.
A giant cockroach comes into view.
You see here 6 gold pieces.
You now have 91 gold pieces (gained 6).
The giant cockroach misses you.
You hit the giant cockroach. Your kick misses the giant cockroach.
The giant cockroach is heavily wounded.
The giant cockroach barely misses you.
You hit the giant cockroach.
You kill the giant cockroach!
Your transformation is almost over.
Found 2 coppery potions.
You see here a giant cockroach corpse.
Your ball python withers and dies!
You see here 2 coppery potions.
i - 2 coppery potions Your talons disappear.
There is a stone staircase leading down here.
Magic restored.
You climb downwards.
A worm comes into view.
There is a stone staircase leading up here.
Unknown command.
Casting: Beastly Appendage
Confirm with . or Enter, or press ? or * to list all spells.
You grow a pair of large bovine horns.
Casting: Beastly Appendage
Confirm with . or Enter, or press ? or * to list all spells.
You create a snake!
You now have 10 arrows.
A hobgoblin comes into view. It is wielding a club.
Your ball python bites the worm.
Your ball python barely misses the worm.
You completely miss the worm.
Your ball python barely misses the worm.
Your ball python completely misses the worm.
You completely miss the worm. You headbutt the worm!
The worm is heavily wounded.
The hobgoblin shouts!
Your ball python bites the worm.
Your ball python grabs the worm.
Your ball python constricts the worm.
The worm bites you!
You die...

###########
.......g...
#######Sw..##...
........@.......
######....##.##
.......#<#.....
.#####.#.#......
#.#.# .....
#.#.# .....
#.#.# ..#. ∆
#.#.# ..# .....


You could see a worm, a hobgoblin and a friendly ball python.

Vanquished Creatures
  3 leopard geckos (D:1)
  A giant cockroach (D:1)
  A hobgoblin (D:1)
  3 jackals (D:1)
  A kobold (D:1)
9 creatures vanquished.

Notes
Turn   | Place    | Note
-------+----------+-------------------------------------------
     0 | D:1      | tidbits the Gnoll Transmuter began the quest for the Orb.
     0 | D:1      | Reached XP level 1. HP: 17/17 MP: 6/6
   123 | D:1      | Reached XP level 2. HP: 6/23 MP: 5/7
   127 | D:1      | Learned a level 2 spell: Sticks to Snakes
   179 | D:2      | Slain by a worm

Action                   || total
-------------------------++-------
Melee: Unarmed           ||    26
       Kick              ||     4
       Bite              ||     1
       Headbutt          ||     1
 Cast: Beastly Appendage ||     6
       Sticks to Snakes  ||     2
Armor: Robe              ||     2
Dodge: Dodged            ||    11

Table legend:
 A = Turns spent in this place as a percentage of turns spent in the entire game.
 B = Non-inter-level travel turns spent in this place as a percentage of non-inter-level travel turns spent in the entire game.
 C = Inter-level travel turns spent in this place as a percentage of turns spent in this place.
 D = Turns resting spent in this place as a percentage of non-inter-level travel turns spent in this place.
 E = Turns spent auto-exploring this place as a percentage of non-inter-level travel turns spent in this place.
 F = Non-inter-level travel turns spent in this place divided by the number of levels of this place that you've seen.
                   A       B       C       D       E      F
               +-------+-------+-------+-------+-------+----------------------
         Total | 100.0 | 100.0 |   0.0 |   0.0 |   0.0 |  89.5
       Dungeon | 100.0 | 100.0 |   0.0 |   0.0 |   0.0 |  89.5
               +-------+-------+-------+-------+-------+----------------------

Table legend:
 A = Kills in this place as a percentage of kills in entire the game.
 B = Kills by you in this place as a percentage of kills by you in the entire game.
 C = Kills by friends in this place as a percentage of kills by friends in the entire game.
 D = Other kills in this place as a percentage of other kills in the entire game.
 E = Experience gained in this place as a percentage of experience gained in the entire game.
 F = Experience gained in this place divided by the number of levels of this place that you have seen.
                   A       B       C       D       E      F
               +-------+-------+-------+-------+-------+----------------------
         Total | 100.0 | 100.0 |   N/A |   N/A | 100.0 |  10.0
       Dungeon | 100.0 | 100.0 |   N/A |   N/A | 100.0 |  10.0
               +-------+-------+-------+-------+-------+----------------------

Vault maps used:
D:1:      matt_arrival_diagonals
D:2:      first_ration, trog_book
